 Dungeon Sprint DCSS version 0.27-a0-1139-g28e009f8a6 (webtiles) character file.

Game seed: 17407339477343396404

930 Zeld the Zephyrmancer (level 8, -8/57 HPs)
             Began as an Octopode Air Elementalist on May 7, 2021.
             Was a High Priest of Sif Muna.
             Mangled by a merfolk
             ... wielding a +0 trident
              (15 damage)
             ... in the Dungeon (Sprint V: "Ziggurat Sprint").
             The game lasted 00:03:33 (1854 turns).

Zeld the Zephyrmancer (Octopode Air Elementalist)   Turns: 1854, Time: 00:03:34

Health: -8/57      AC:  1    Str:  7    XL:     8   Next: 11%
Magic:  5/19       EV: 15    Int: 32    God:    Sif Muna [*****.]
Gold:   0          SH:  0    Dex: 12    Spells: 9/21 levels left

rFire    + . .     SeeInvis .   (no weapon)
rCold    . . .     Faith    .   (no shield)
rNeg     + + .     Spirit   .   (helmet restricted)
rPois    .         Reflect  .   (no amulet)
rElec    .         Harm     .   r - +6 ring of intelligence
rCorr    .         Rampage  .   q - +6 ring of intelligence
Will     +....     NoTele   +   x - ring of positive energy
Stlth    +++.......             j - ring of protection from fire
HPRegen  0.19/turn              y - ring of positive energy
MPRegen  0.16/turn              B - ring of willpower
                                (no ring)
                                (no ring)

@: channeling
A: almost no armour, amphibious, 8 rings, camouflage 1, gelatinous body 1,
(nimble swimmer 1), tentacles
a: Renounce Religion, Channel Magic, Forget Spell, Divine Exegesis


You were in the Dungeon.
You worshipped Sif Muna.
Sif Muna was extremely pleased with you.
You visited 1 branch

Inventory:

Armour
 w - a +3 tower shield
Jewellery
 j - a ring of protection from fire (on tentacle)
 q - a +6 ring of intelligence (right tentacle)
 r - a +6 ring of intelligence (left tentacle)
 x - a ring of positive energy (on tentacle)
 y - a ring of positive energy (on tentacle)
 B - a ring of willpower (on tentacle)
Wands
 t - a wand of mindburst (7)
 u - a wand of iceblast (7)
 v - a wand of acid (7)
Scrolls
 g - 3 scrolls of blinking
 l - 4 scrolls of amnesia
 m - 7 scrolls of fog
 n - a scroll of holy word
 o - 5 scrolls of identify
 p - 2 scrolls of fear
Potions
 a - 2 potions of brilliance
 b - 10 potions of curing
 c - 10 potions of heal wounds
 d - 6 potions of haste
 e - 7 potions of magic
 f - 3 potions of berserk rage
 h - 2 potions of invisibility
 i - 4 potions of resistance
 k - 5 potions of might
Miscellaneous
 s - a lightning rod (4/4)
 z - a phial of floods
 A - a lightning rod (4/4)


   Skills:
 + Level 6.2 Fighting
 + Level 6.7 Dodging
 - Level 2.6 Stealth
 + Level 7.3 Spellcasting
 - Level 1.0 Conjurations
 * Level 11.2 Air Magic
 * Level 7.2 Invocations


You had 9 spell levels left.
You knew the following spells:

 Your Spells              Type           Power      Damage    Failure   Level
a - Shock                 Conj/Air       100%       1d9       1%          1
b - Static Discharge      Conj/Air       50%        N/A       1%          2
c - Airstrike             Air            35%        N/A       1%          4
d - Lightning Bolt        Conj/Air       25%        1d41      9%          5

Your spell library contained the following spells:

 Spells                   Type           Power      Damage    Failure   Level
 Swiftness                Air            70%        N/A       1%          3
 Apportation              Tloc           22%        N/A       4%          1
 Summon Small Mammal      Summ           44%        N/A       4%          1
 Lesser Beckoning         Tloc           5%         N/A       12%         3
 Tukima's Dance           Hex            11%        N/A       12%         3
 Ice Form                 Ice/Tmut       11%        N/A       36%         4
 Summon Ice Beast         Ice/Summ       11%        N/A       36%         4
 Irradiate                Conj/Tmut      7%         3d15      65%         5
 Alistair's Intoxication  Tmut/Pois      7%         N/A       73%         5
 Summon Mana Viper        Hex/Summ       11%        N/A       73%         5
 Freezing Cloud           Conj/Ice/Air   18%        6-21      75%         6
 Blade Hands              Tmut           5%         N/A       99%         6
 Invisibility             Hex            11%        N/A       99%         6
 Simulacrum               Ice/Necr       5%         N/A       99%         6
 Statue Form              Tmut/Erth      7%         N/A       99%         6
 Dragon Form              Tmut           5%         N/A       100%        7
 Haunt                    Necr/Summ      5%         N/A       100%        7
 Malign Gateway           Summ/Tloc      5%         N/A       100%        7
 Monstrous Menagerie      Summ           5%         N/A       100%        7
 Ozocubu's Refrigeration  Ice            5%         4d6       100%        7
 Borgnjor's Revivificati  Necr           5%         N/A       100%        8
 Disjunction              Tloc           5%         N/A       100%        8
 Infestation              Necr           5%         N/A       100%        8
 Necromutation            Tmut/Necr      5%         N/A       100%        8
 Summon Horrible Things   Summ           5%         N/A       100%        8
 Death's Door             Necr           5%         N/A       100%        9


Dungeon Overview and Level Annotations

Branches:
Dungeon (1/1)

Altars:
Ashenzari
Cheibriados
Dithmenos
Elyvilon
Fedhas
Gozag
Hepliaklqana
Kikubaaqudgha
Makhleb
Nemelex Xobeh
Okawaru
Qazlal
Ru
Sif Muna
Trog
Uskayaw
Vehumet
Wu Jian
Xom
Yredelemnul
Zin
The Shining One
Beogh
Jiyva
Lugonu

Annotations:
D 1 transporter


Innate Abilities, Weirdness & Mutations

You cannot wear most types of armour.
You are amphibious.
You can wear up to eight rings at the same time.
Your skin changes colour to match your surroundings (Stealth+).
Your rubbery body absorbs attacks. (AC +1, EV +1)
((You are camouflaged near water. (Stealth+)))
You have tentacles for arms and can constrict up to eight enemies at once.


Message History

You don't know that spell.
Unknown command.
Casting: Airstrike (safe; 1% risk of failure)
Confirm with . or Enter, or press ? or * to list all spells.
The spell is quite dangerous to cast (9% risk of failure)!
Continue anyway? [Y]es or [N]o only, please.
The spell is quite dangerous to cast (9% risk of failure)!
Continue anyway?
Aiming: Lightning Bolt (quite dangerous; 9% risk of failure)
Press: ? - help, Shift-Dir - straight line, f - cyclops, p - merfolk
Aim: a cyclops, quivering large rocks (97% to hit)
You hear a mighty clap of thunder!
The bolt of lightning misses the merfolk. x2
The bolt of lightning hits the cyclops!!
The cyclops is heavily wounded.
The wind drake flaps its wings at you. The air twists around and strikes you!!
The merfolk barely misses you.
Unknown command.
Casting: Lightning Bolt (quite dangerous; 9% risk of failure)
Confirm with . or Enter, or press ? or * to list all spells.
The spell is quite dangerous to cast (9% risk of failure)!
Continue anyway?
Aiming: Lightning Bolt (quite dangerous; 9% risk of failure)
Press: ? - help, Shift-Dir - straight line, f/p - cyclops
Aim: a cyclops, quivering large rocks (heavily wounded, 97% to hit)
You hear a mighty clap of thunder!
The bolt of lightning hits the merfolk!!
The merfolk is almost dead.
The bolt of lightning hits the merfolk!!
The merfolk is heavily wounded.
The bolt of lightning misses the cyclops.
The merfolk hits you from afar with a +0 trident.
The merfolk hits you from afar with a +0 trident!!
* * * LOW HITPOINT WARNING * * *
Unknown command.
Unknown command.
Blink to where?
Press: ? - help, Dir - move target, p - cyclops
As you read the scroll of blinking, it crumbles to dust.
Found a transporter.
The merfolk hits you from afar with a +0 trident!
You die...

▓..)....▓
▓...)...▓
▓...)...▓
▓....)..▓
▓...))..▓
▓...©...▓
▓▓▓▓▓▓▓▓▓
▓..8©8..▓
▓@.}=|..▓
▓..=}[..▓
▓.mm....▓
▓...kC..▓
▓.m.m...▓
▓.......▓
▓.▓...▓.▓
▓...§...▓
▓▓▓▓▓▓▓▓▓


You could see a wind drake (repels missiles), 4 merfolk and a cyclops.

Vanquished Creatures
  A jumping spider (D)
  A yak (D)
  A hell hound (D)
  An orc warrior (D)
  4 scorpions (D)
  A crimson imp (D)
  An orc priest (D)
  2 iguanas (D)
  An orc wizard (D)
  2 shadow imps (D)
  An adder zombie (D)
  An adder skeleton (D)
  3 orcs (D)
  A bat skeleton (D)
  A bat zombie (D)
  2 jackals (D)
24 creatures vanquished.

Notes
Turn   | Place    | Note
-------+----------+-------------------------------------------
     0 | D        | Zeld the Octopode Air Elementalist began the quest for the
                  | Orb.
     0 | D        | Reached XP level 1. HP: 11/11 MP: 3/3
     0 | D        | Found a shimmering blue altar of Sif Muna.
     0 | D        | Found a sacrificial altar of Ru.
     0 | D        | Found a bloodstained altar of Trog.
     0 | D        | Found a stormy altar of Qazlal.
     0 | D        | Found an iron altar of Okawaru.
     0 | D        | Found a sparkling altar of Nemelex Xobeh.
     0 | D        | Found a blossoming altar of Fedhas.
     0 | D        | Banished a spatial maelstrom
     1 | D        | Found the +6 Majin-Bo {vamp, MP+6 Int+6}
     1 | D        | Found the +9 heavy crossbow "Sniper" {vorpal, Acc+∞ SInv}
     1 | D        | Found the +10 dark maul {vorpal}
     1 | D        | Found the +15 Maxwell's patent armour {-Cast -Tele rElec
                  | Will+ rCorr}
     1 | D        | Found the +18 shield of the Gong {rElec rN+ Will+ EV-5}
     1 | D        | Found the +14 obsidian axe {vorpal, Drain Fly SInv}
     1 | D        | Found the +7 great mace "Firestarter" {inner flame, rF++}
     1 | D        | Found the +6 shillelagh "Devastator" {shatter}
     1 | D        | Found the +11 plutonium sword {Contam Stlth-}
     1 | D        | Found the +8 lance "Wyrmbane" {slay drac, rPois rF+ rC+
                  | AC+3}
     1 | D        | Found the +9 sword of Zonguldrok {reap}
     1 | D        | Found the +13 scythe of Curses {drain, Drain}
     1 | D        | Found the +5 sword of Power {vorpal}
     1 | D        | Found the +7 mace of Variability {chain chaos}
     1 | D        | Found the +7 Singing Sword {vorpal, sonic wave}
     1 | D        | Found the +8 storm bow {elec, penet}
     2 | D        | Found a transporter.
     2 | D        | Found an ancient bone altar of Kikubaaqudgha.
     2 | D        | Found a viscous altar of Jiyva.
     2 | D        | Found a corrupted altar of Lugonu.
     2 | D        | Found a hazy altar of Hepliaklqana.
     2 | D        | Found a burning altar of Makhleb.
     2 | D        | Found an opulent altar of Gozag.
     5 | D        | Banished a spatial maelstrom
    16 | D        | Banished a spatial maelstrom
    23 | D        | Reached skill level 6 in Air Magic
    23 | D        | Reached XP level 2. HP: 17/17 MP: 4/7
    80 | D        | Became a worshipper of Sif Muna the Loreminder
    90 | D        | Entered arena 2.
    90 | D        | Noticed a yak
    90 | D        | Found a transporter.
    93 | D        | Killed a yak
    94 | D        | Reached skill level 5 in Spellcasting
    94 | D        | Reached skill level 9 in Air Magic
    94 | D        | Reached XP level 3. HP: 27/27 MP: 8/10
    94 | D        | Reached XP level 4. HP: 33/33 MP: 8/11
    94 | D        | Reached XP level 5. HP: 37/37 MP: 9/13
    97 | D        | Learned a level 2 spell: Static Discharge
   102 | D        | Learned a level 4 spell: Airstrike
   108 | D        | Learned a level 5 spell: Lightning Bolt
   301 | D        | Entered arena 3.
   301 | D        | Found a transporter.
   302 | D        | Reached * piety under Sif Muna
   660 | D        | Entered arena 4.
   660 | D        | Found a transporter.
   661 | D        | Reached ** piety under Sif Muna
   663 | D        | Reached skill level 1 in Invocations
   663 | D        | Reached XP level 6. HP: 43/43 MP: 5/15
   667 | D        | Reached skill level 5 in Dodging
  1011 | D        | Entered arena 5.
  1011 | D        | Noticed a hell hound
  1011 | D        | Found a transporter.
  1012 | D        | Found the +7 Spriggan's Knife {stab, EV+4 Stlth+}
  1012 | D        | Reached *** piety under Sif Muna
  1014 | D        | Killed a hell hound
  1236 | D        | Entered arena 6.
  1236 | D        | Noticed a jumping spider
  1236 | D        | Found a transporter.
  1237 | D        | Reached **** piety under Sif Muna
  1238 | D        | Reached skill level 5 in Fighting
  1238 | D        | Reached skill level 10 in Air Magic
  1238 | D        | Reached XP level 7. HP: 50/50 MP: 11/17
  1245 | D        | Reached skill level 5 in Invocations
  1247 | D        | Killed a jumping spider
  1322 | D        | Got the amulet "Yfarek" {Spirit Harm Fly Str-2}
  1526 | D        | Entered arena 7.
  1528 | D        | Reached skill level 11 in Air Magic
  1528 | D        | Reached ***** piety under Sif Muna
  1531 | D        | Reached XP level 8. HP: 57/57 MP: 1/19
  1536 | D        | Identified Sif Muna's Catalogue of the Escort and
                  | Dislocation (Sif Muna gifted it to you in the Dungeon)
  1536 | D        | Received a gift from Sif Muna
  1537 | D        | Found a transporter.
  1848 | D        | Entered arena 8.
  1848 | D        | Noticed a merfolk
  1848 | D        | Noticed a merfolk
  1848 | D        | Noticed a cyclops
  1848 | D        | Noticed a merfolk
  1848 | D        | Noticed a merfolk
  1848 | D        | Noticed a wind drake
  1853 | D        | Found a transporter.
  1854 | D        | Mangled by a merfolk

Illustrated notes

Levels and vault maps discovered:
D:        sprint_v [room_start, room_1, room_2, room_3, room_4, room_5, room_6,
          room_7, room_8, room_9, room_10, room_11, room_12, room_13, room_14,
          room_15, room_16, room_17, room_18, room_19, room_20, room_21,
          room_22, room_23, room_24, room_25, room_26, room_27]

Skill      XL: |  1  2  3  4  5  6  7 |
---------------+----------------------+-----
Spellcasting   | 4 5 6 7 |  7.3
Air Magic      | 6 9 10 11 | 11.2
Fighting       | 3 4 5 6 |  6.2
Dodging        | 4 5 6 |  6.7
Invocations    | 1 4 7 |  7.2
Stealth        | |  2.6
Conjurations   | |  1.0

Action                   |  1- 3 |  4- 6 |  7- 9 || total
-------------------------+-------+-------+-------++-------
Melee: Unarmed           |       |    12 |     4 ||    16
       Constrict         |       |     3 |     1 ||     4
       Tentacles         |       |     3 |     1 ||     4
 Cast: Airstrike         |       |     9 |    11 ||    20
       Shock             |       |     5 |     3 ||     8
       Lightning Bolt    |       |     1 |     3 ||     4
Invok: Channel Magic     |       |       |     4 ||     4
Evoke: Lightning rod     |     3 |       |       ||     3
       Phial of floods   |       |       |     1 ||     1
  Use: Potion            |     1 |       |       ||     1
       Scroll            |       |       |     1 ||     1
Armor: Skin              |       |     1 |       ||     1
Dodge: Dodged            |       |     6 |    13 ||    19

Table legend: (Time is in decaauts)
 A = Elapsed time spent in this place.
 B = Non-inter-level travel time spent in this place.
 C = Inter-level travel time spent in this place.
 D = Time resting spent in this place.
 E = Time spent auto-exploring this place.
 F = Levels seen in this place.
 G = Mean time per level.
                   A        B        C        D        E       F      G
               +--------+--------+--------+--------+--------+-----+--------+
         Total |   1851 |   1842 |      9 |   1617 |     51 |   1 | 1851.0 |
       Dungeon |   1851 |   1842 |      9 |   1617 |     51 |   1 | 1851.0 |
               +--------+--------+--------+--------+--------+-----+--------+

Top non-repeatable levels by time:
       D: 1851 daAuts
